 Dungeon Crawl Stone Soup version 0.16-a0-1301-gf74d490 (console) character file.

56 Orcus the Firebug (level 3, 0/32 HPs)
             Began as an Ogre Fire Elementalist on Oct 15, 2014.
             Slain by a hobgoblin
             ... wielding a +0 club
              (4 damage)
             ... on level 2 of the Dungeon.
             The game lasted 00:04:25 (857 turns).

Orcus the Firebug (Ogre Fire Elementalist)           Turns: 857, Time: 00:04:25

Health: 0/32       AC:  3    Str: 14    XL:     3   Next: 97%
Magic:  0/6        EV: 10    Int: 14    God:
Gold:   90         SH:  0    Dex: 10    Spells: 1 memorised, 6 levels left

rFire  . . .     SeeInvis .     j - +0 club
rCold  + . .     Clarity  .     a - +0 robe
rNeg   . . .     SustAb   .     (shield restricted)
rPois  .         Gourm    .     (helmet restricted)
rElec  .         Spirit   .     (no cloak)
rCorr  .         Warding  .     (gloves unavailable)
rMut   .         Stasis   .     (boots unavailable)
MR     .....                    (no amulet)
Stlth  +.........               f - ring of protection from cold
                                d - ring of flight

@: not resistant to hostile enchantments, very unstealthy
A: unfitting armour, tough skin 1
a: Evoke Flight


You were on level 2 of the Dungeon.
You were hungry.

You visited 1 branch of the dungeon, and saw 2 of its levels.

You collected 90 gold pieces.

Inventory:

Hand weapons
 j - a +0 club (weapon)
Armour
 a - a +0 robe (worn)
Jewellery
 d - a ring of flight (left hand)
 f - a ring of protection from cold (right hand)
Scrolls
 e - 4 scrolls of remove curse {unknown}
 g - 4 scrolls of identify {unknown}
 h - a scroll of magic mapping {unknown}
 i - a scroll of teleportation {unknown}
 k - 2 scrolls of amnesia {unknown}
 m - a scroll of blinking {unknown}
Books
 b - a book of Flames

   Spells                             Type                      Level
   *Flame Tongue                      Conjuration/Fire             1
   Throw Flame                        Conjuration/Fire             2
   Conjure Flame                      Conjuration/Fire             3
   Inner Flame                        Hexes/Fire                   3
   Sticky Flame                       Conjuration/Fire             4
   Fireball                           Conjuration/Fire             5
Comestibles
 c - 3 meat rations
 l - a bread ration
 n - a beef jerky


   Skills:
 + Level 0.6 Fighting
 * Level 0.6 Maces & Flails
 + Level 2.2 Dodging
 + Level 1.9 Stealth
 + Level 2.6 Spellcasting
 * Level 0.8 Conjurations
 * Level 2.9 Fire Magic


You had 6 spell levels left.
You knew the following spells:

 Your Spells              Type           Power        Failure   Level  Hunger
a - Flame Tongue          Conj/Fire      #....        12%         1    #......


Dungeon Overview and Level Annotations

Branches:
Dungeon (2/15)

Altars:
Kikubaaqudgha
Okawaru


Innate Abilities, Weirdness & Mutations

You are too large for most types of armour.
You have tough skin (AC +1).


Message History

A hobgoblin comes into view. It is wielding a club.
You see here a robe.
The hobgoblin hits you with a club.
* * * LOW HITPOINT WARNING * * *
Casting: Flame Tongue
Confirm with . or Enter, or press ? or * to list all spells.
Aiming: Flame Tongue
Press: ? - help, Shift-Dir - straight line, f - hobgoblin
Aim: a hobgoblin, wielding a club The flame tongue hits the hobgoblin.
The hobgoblin is moderately wounded.
Casting: Flame Tongue
Confirm with . or Enter, or press ? or * to list all spells.
Aiming: Flame Tongue
Press: ? - help, Shift-Dir - straight line, f/p - hobgoblin
Aim: a hobgoblin, wielding a club (moderately wounded)
The flame tongue hits the hobgoblin.
The hobgoblin is heavily wounded.
The hobgoblin hits you with a club.
You die...

##### ...# ##.##
###..@####### ...
#.[...g....... #..
........#...#######
#.# ###..####.#####
#.# #...........# #.#
#.#####.###.# #.#
###.# #.# #.## #...#
#.#
...######.###.#####.#
#


You could see a hobgoblin.

Vanquished Creatures
  Ijyb (D:2)
  An adder (D:2)
  2 giant geckos
  4 bats
  4 goblins
  2 hobgoblins (D:1)
  A giant cockroach (D:2)
  2 giant newts (D:1)
  3 kobolds
  13 rats
33 creatures vanquished.

Notes
Turn   | Place    | Note
--------------------------------------------------------------
     0 | D:1      | Orcus, the Ogre Fire Elementalist, began the quest for the Orb.
     0 | D:1      | Reached XP level 1. HP: 16/16 MP: 3/3
   207 | D:1      | Reached XP level 2. HP: 21/24 MP: 3/5
   526 | D:2      | Found an ancient bone altar of Kikubaaqudgha.
   548 | D:2      | Reached XP level 3. HP: 29/32 MP: 0/6
   664 | D:2      | Found an iron altar of Okawaru.
   769 | D:2      | Noticed Ijyb
   800 | D:2      | Killed Ijyb
   857 | D:2      | Slain by a hobgoblin

Action                   || total
-------------------------++-------
Melee: Unarmed           ||    33
       Club              ||    36
 Cast: Flame Tongue      ||    52
